MID
BINGHAMTON METS @ DAYTON DRAGONS
06/07/2048
 
TOP OF THE 1ST
Binghamton Mets batting - Pitching for Dayton Dragons : LHP Josue Silva
Pitching: LHP Josue Silva
Batting: RHB Oscar Bravo 0-0: Ball
1-0: DOUBLE (Flyball, 8RXD, EV 107.5 MPH)
Batting: SHB Jason Evans 0-0: SINGLE (Line Drive, 9S, EV 101.2 MPH)
Oscar Bravo to third
Batting: LHB Bayesa Mundhir 0-0: Ball
1-0: SINGLE (Groundball, 5D, EV 97.5 MPH)
Oscar Bravo scores
Jason Evans to second
Batting: RHB Mike Hanks 0-0: Ball
1-0: Foul Ball, location: 2F
1-1: Ball
2-1: Fly out, F8 (Line Drive, 78M, EV 89.4 MPH)
Batting: LHB Dan Bremseth 0-0: Called Strike
0-1: Foul Ball, location: 2F
0-2: Ball
1-2: Strikes out swinging
Batting: RHB Nate Henderson 0-0: Ball
1-0: Ground out 4-3 (Groundball, 4, EV 85.0 MPH)
Top of the 1st over - 1 run, 3 hits, 0 errors, 2 left on base; Binghamton 1 - Dayton 0
BOTTOM OF THE 1ST
Dayton Dragons batting - Pitching for Binghamton Mets : RHP Bryan Dorne
Pitching: RHP Bryan Dorne
Batting: LHB Matt Kennedy 0-0: Swinging Strike
0-1: Fly out, F8 (Line Drive, 8RD, EV 108.8 MPH)
Batting: LHB Leo Gomez 0-0: Ball
1-0: Ball
2-0: Fly out, F8 (Line Drive, 8RD, EV 98.1 MPH)
Batting: LHB Chris Redhead 0-0: Called Strike
0-1: Swinging Strike
0-2: Ground out U3 (Groundball, 3, EV 86.9 MPH)
Bottom of the 1st over - 0 runs, 0 hits, 0 errors, 0 left on base; Binghamton 1 - Dayton 0
TOP OF THE 2ND
Binghamton Mets batting - Pitching for Dayton Dragons : LHP Josue Silva
Batting: SHB Jerry Burrows 0-0: Foul Ball, location: 2F
0-1: Swinging Strike
0-2: Ball
1-2: Ball
2-2: Strikes out swinging wild pitch, reaches first!
Batting: LHB Zane Kelton 0-0: Ball
1-0: Called Strike
1-1: Ball
2-1: Fly out, F8 (Flyball, 8RM, EV 96.2 MPH)
Batting: LHB Jamel Alexander 0-0: Ball
1-0: Fielders Choice at 2nd, 4-6 (Groundball, 4, EV 86.2 MPH)
Batting: RHB Oscar Bravo 0-0: Ball
1-0: Fly out, F7 (Flyball, 7S, EV 86.9 MPH)
Top of the 2nd over - 0 runs, 0 hits, 0 errors, 1 left on base; Binghamton 1 - Dayton 0
BOTTOM OF THE 2ND
Dayton Dragons batting - Pitching for Binghamton Mets : RHP Bryan Dorne
Batting: RHB Chris Zamora 0-0: Ball
1-0: Ball
2-0: Called Strike
2-1: Ball
3-1: Fly out, F7 (Flyball, 78M, EV 90.0 MPH)
Batting: LHB Ray Walden 0-0: Called Strike
0-1: Called Strike
0-2: Ground out U3 (Groundball, 3L, EV 88.8 MPH)
Batting: RHB Juan Zamora 0-0: Ball
1-0: Called Strike
1-1: SINGLE (Groundball, 34D, EV 102.5 MPH)
Batting: LHB Jeremy Robertson 0-0: Called Strike
Juan Zamora steals 2nd, throwing error, E2
Juan Zamora to third
0-1: Foul Ball, location: 2F
0-2: Ball
1-2: Strikes out swinging
Bottom of the 2nd over - 0 runs, 1 hit, 1 error, 1 left on base; Binghamton 1 - Dayton 0
TOP OF THE 3RD
Binghamton Mets batting - Pitching for Dayton Dragons : LHP Josue Silva
Batting: SHB Jason Evans 0-0: Called Strike
0-1: Ball
1-1: Foul Ball, location: 2F
1-2: Foul Ball, location: 2F
1-2: Strikes out swinging
Batting: LHB Bayesa Mundhir 0-0: Ball
1-0: Foul Ball, location: 2F
1-1: Ball
2-1: Foul Ball, location: 2F
2-2: SINGLE (Line Drive, 6D, EV 96.9 MPH)
Batting: RHB Mike Hanks 0-0: Called Strike
0-1: Ball
1-1: Called Strike
1-2: Ball
2-2: Ball
3-2: Foul Ball, location: 2F
3-2: Base on Balls
Bayesa Mundhir to second
Batting: LHB Dan Bremseth 0-0: Grounds out, U3 (Groundball, 3L, EV 104.4 MPH)
Bayesa Mundhir to third
Batting: RHB Nate Henderson 0-0: Ball
1-0: 3-RUN HOME RUN (Flyball, 9D, EV 95.6 MPH), Distance : 372 ft
Batting: SHB Jerry Burrows 0-0: DOUBLE (Flyball, 89D, EV 110.0 MPH)
Batting: LHB Zane Kelton 0-0: Called Strike
0-1: Foul Ball, location: 2F
0-2: Ball
1-2: SINGLE (Line Drive, 78S, EV 88.1 MPH)
Jerry Burrows to third
Runner from 3rd tries for Home, SAFE, throw by LF to home
Pitching: RHP Amador Sadaba
Batting: LHB Jamel Alexander 0-0: Ball
1-0: Called Strike
Zane Kelton steals 2nd base
1-1: TRIPLE (Line Drive, 9D, EV 109.4 MPH)
Zane Kelton scores
Batting: RHB Oscar Bravo 0-0: Ball
1-0: Ball
2-0: Ball
3-0: Base on Balls
Batting: SHB Jason Evans 0-0: Fly out, F7 (Flyball, 78M, EV 87.5 MPH)
Top of the 3rd over - 5 runs, 5 hits, 0 errors, 2 left on base; Binghamton 6 - Dayton 0
BOTTOM OF THE 3RD
Dayton Dragons batting - Pitching for Binghamton Mets : RHP Bryan Dorne
Batting: RHB Ernie Maldonado 0-0: Called Strike
0-1: Ball
1-1: Foul Ball, location: 2F
1-2: Ball
2-2: Strikes out swinging
Batting: RHB Yutaka Sato 0-0: Called Strike
0-1: Called Strike
0-2: Strikes out swinging
Batting: LHB Matt Kennedy 0-0: Ball
1-0: Swinging Strike
1-1: Ball
2-1: Called Strike
2-2: Foul Ball, location: 2F
2-2: Fly out, F9 (Line Drive, 89M, EV 86.9 MPH)
Bottom of the 3rd over - 0 runs, 0 hits, 0 errors, 0 left on base; Binghamton 6 - Dayton 0
TOP OF THE 4TH
Binghamton Mets batting - Pitching for Dayton Dragons : RHP Amador Sadaba
Batting: LHB Bayesa Mundhir 0-0: Called Strike
0-1: Ball
1-1: Ground out U3 (Groundball, 3, EV 103.8 MPH)
Batting: RHB Mike Hanks 0-0: Reached on error, E3 (Groundball, 34S, EV 85.6 MPH)
Batting: LHB Dan Bremseth 0-0: Ball
1-0: Ball
2-0: Called Strike
2-1: Reached on error, E4 (Groundball, 34, EV 100.0 MPH)
Mike Hanks to second
Batting: RHB Nate Henderson 0-0: Ball
1-0: Foul Ball, location: 2F
1-1: Foul Ball, location: 2F
1-2: SINGLE (Line Drive, 4M, EV 110.0 MPH)
Mike Hanks to third
Dan Bremseth to second
Batting: SHB Jerry Burrows 0-0: Ball
1-0: Ball
2-0: Ball
3-0: Base on Balls
Mike Hanks scores
Dan Bremseth to third
Nate Henderson to second
Batting: LHB Zane Kelton 0-0: Fly out, F7 (Flyball, 78M, EV 85.6 MPH)
Runner from 3rd tags up, SCORES, no throw by LF
Batting: LHB Jamel Alexander 0-0: Called Strike
0-1: Called Strike
0-2: Strikes out swinging
Top of the 4th over - 2 runs, 1 hit, 2 errors, 2 left on base; Binghamton 8 - Dayton 0
BOTTOM OF THE 4TH
Dayton Dragons batting - Pitching for Binghamton Mets : RHP Bryan Dorne
Batting: LHB Leo Gomez 0-0: Foul Ball, location: 2F
0-1: SINGLE (Groundball, 4D, EV 104.4 MPH)
Batting: LHB Chris Redhead 0-0: Ball
Leo Gomez steals 2nd base
1-0: Ball
Leo Gomez steals 3rd base
2-0: Ball
3-0: Called Strike
3-1: Swinging Strike
3-2: Foul Ball, location: 2F
3-2: SINGLE (Groundball, 34S, EV 71.2 MPH) (infield hit)
Batting: RHB Chris Zamora 0-0: Foul Ball, location: 2F
0-1: Called Strike
0-2: Ball
1-2: Strikes out swinging
Batting: LHB Ray Walden 0-0: Ball
1-0: Ball
2-0: Swinging Strike
2-1: Called Strike
2-2: Ball
3-2: Strikes out looking
Batting: RHB Juan Zamora 0-0: Ball
1-0: Ball
2-0: Called Strike
2-1: Swinging Strike
2-2: Ball
3-2: Strikes out looking
Bottom of the 4th over - 0 runs, 2 hits, 0 errors, 2 left on base; Binghamton 8 - Dayton 0
TOP OF THE 5TH
Binghamton Mets batting - Pitching for Dayton Dragons : RHP Amador Sadaba
Batting: RHB Oscar Bravo 0-0: Ball
1-0: Foul Ball, location: 2F
1-1: Fly out, F8 (Flyball, 8RD, EV 89.4 MPH)
Batting: SHB Jason Evans 0-0: Called Strike
0-1: Swinging Strike
0-2: Foul Ball, location: 2F
0-2: Ball
1-2: Ground out 4-3 (Groundball, 4, EV 86.9 MPH)
Batting: LHB Bayesa Mundhir 0-0: Foul Ball, location: 2F
0-1: Foul Ball, location: 2F
0-2: Ball
1-2: Ball
2-2: Foul Ball, location: 2F
2-2: Foul Ball, location: 2F
2-2: DOUBLE (Line Drive, 89M, EV 95.6 MPH)
Batting: RHB Mike Hanks 0-0: Ball
1-0: DOUBLE (Line Drive, 89XD, EV 103.1 MPH)
Bayesa Mundhir scores
Pitching: RHP Aaron McArdle
Batting: LHB Dan Bremseth 0-0: Called Strike
0-1: Ball
1-1: Ball
2-1: Swinging Strike
2-2: Ball
3-2: Ground out 5-3 (Groundball, 6, EV 88.1 MPH)
Top of the 5th over - 1 run, 2 hits, 0 errors, 1 left on base; Binghamton 9 - Dayton 0
BOTTOM OF THE 5TH
Dayton Dragons batting - Pitching for Binghamton Mets : RHP Bryan Dorne
Batting: LHB Jeremy Robertson 0-0: Ball
1-0: SINGLE (Flyball, 7, EV 85.0 MPH)
Batting: RHB Ernie Maldonado 0-0: Swinging Strike
0-1: Called Strike
Jeremy Robertson steals 2nd, throwing error, E2
Jeremy Robertson to third
0-2: Ball
1-2: Foul Ball, location: 2F
1-2: Ball
2-2: Strikes out swinging
Batting: RHB Yutaka Sato 0-0: Foul Ball, location: 2F
0-1: Ball
1-1: Ground out 6-3 (Groundball, 6, EV 93.1 MPH)
Jeremy Robertson scores
Batting: LHB Matt Kennedy 0-0: Called Strike
0-1: Swinging Strike
0-2: Strikes out swinging
Bottom of the 5th over - 1 run, 1 hit, 1 error, 0 left on base; Binghamton 9 - Dayton 1
TOP OF THE 6TH
Binghamton Mets batting - Pitching for Dayton Dragons : RHP Aaron McArdle
Batting: RHB Nate Henderson 0-0: Foul Ball, location: 2F
0-1: Ball
1-1: Called Strike
1-2: Foul Ball, location: 2F
1-2: Ball
2-2: Ball
3-2: SINGLE (Line Drive, 78S, EV 94.4 MPH)
Batting: SHB Jerry Burrows 0-0: 2-RUN HOME RUN (Flyball, 9D, EV 97.5 MPH), Distance : 355 ft
Batting: LHB Zane Kelton 0-0: Ball
1-0: Ball
2-0: Foul Ball, location: 2F
2-1: Ball
3-1: Base on Balls
Batting: LHB Jamel Alexander 0-0: Ball
1-0: Called Strike
1-1: Foul Ball, location: 2F
1-2: Strikes out swinging
Batting: RHB Oscar Bravo 0-0: Ball
1-0: Ball
2-0: Ball
3-0: Base on Balls
Zane Kelton to second
Pitching: RHP Jalen Patterson
Batting: SHB Jason Evans 0-0: Called Strike
0-1: Ball
1-1: Foul Ball, location: 2F
1-2: Ball
2-2: Grounds into double play, 6-4-3 (Groundball, 6M, EV 103.1 MPH)
Top of the 6th over - 2 runs, 2 hits, 0 errors, 1 left on base; Binghamton 11 - Dayton 1
BOTTOM OF THE 6TH
Dayton Dragons batting - Pitching for Binghamton Mets : RHP Bryan Dorne
Batting: LHB Leo Gomez 0-0: Swinging Strike
0-1: Ball
1-1: Swinging Strike
1-2: Foul Ball, location: 2F
1-2: Foul Ball, location: 2F
1-2: Ball
2-2: Strikes out swinging
Batting: LHB Chris Redhead 0-0: Ball
1-0: Ball
2-0: Foul Ball, location: 2F
2-1: Ball
3-1: SINGLE (Line Drive, 8RS, EV 89.4 MPH)
Batting: RHB Chris Zamora 0-0: Fly out, F9 (Flyball, 9LSF, EV 93.8 MPH)
Batting: LHB Ray Walden 0-0: Foul Ball, location: 2F
0-1: Ball
1-1: Foul Ball, location: 2F
1-2: Foul Ball, location: 2F
1-2: Foul Ball, location: 2F
1-2: Ball
2-2: Ball
3-2: Foul Ball, location: 2F
3-2: SINGLE (Groundball, 34D, EV 96.2 MPH)
Chris Redhead to second
Chris Redhead to third
Batting: RHB Juan Zamora 0-0: Called Strike
0-1: Foul Ball, location: 2F
0-2: Ball
1-2: Ball
2-2: Foul Ball, location: 2F
2-2: Strikes out swinging
Bottom of the 6th over - 0 runs, 2 hits, 0 errors, 2 left on base; Binghamton 11 - Dayton 1
TOP OF THE 7TH
Binghamton Mets batting - Pitching for Dayton Dragons : RHP Jalen Patterson
Pinch Hitting: RHB Rich Cracchiolo 0-0: Ball
1-0: SINGLE (Groundball, 6, EV 97.5 MPH)
Batting: RHB Mike Hanks 0-0: Ball
1-0: Foul Ball, location: 2F
1-1: Ball
2-1: Grounds into double play, 3-6-3 (Groundball, 3S, EV 84.4 MPH)
Batting: LHB Dan Bremseth 0-0: Called Strike
0-1: SINGLE (Groundball, 25, EV 71.2 MPH) (infield hit)
Batting: RHB Nate Henderson 0-0: Ball
1-0: Ball
2-0: Foul Ball, location: 2F
2-1: Swinging Strike
2-2: Strikes out swinging
Top of the 7th over - 0 runs, 2 hits, 0 errors, 1 left on base; Binghamton 11 - Dayton 1
BOTTOM OF THE 7TH
Dayton Dragons batting - Pitching for Binghamton Mets : RHP Bryan Dorne
Now in LF: Dan Bremseth
Now in RF: Rich Cracchiolo
Batting: LHB Jeremy Robertson 0-0: Ball
1-0: Ball
2-0: Ball
3-0: Base on Balls
Pitching: RHP Rome Corona
Batting: RHB Ernie Maldonado 0-0: SINGLE (Line Drive, 34D, EV 95.0 MPH)
Jeremy Robertson to second
Pinch Hitting: LHB Tim Kirk 0-0: Foul Ball, location: 2F
0-1: Foul Ball, location: 2F
0-2: Strikes out swinging
Pinch Hitting: LHB Gabe Morales 0-0: Ball
1-0: Ball
2-0: Called Strike
2-1: SINGLE (Groundball, 6MD, EV 100.6 MPH)
Jeremy Robertson to third
Ernie Maldonado to second
Batting: LHB Leo Gomez 0-0: Ball
1-0: Called Strike
1-1: SINGLE (Line Drive, 34, EV 95.0 MPH)
Jeremy Robertson scores
Ernie Maldonado to third
Gabe Morales to second
Pinch Hitting: RHB Al Blanchard 0-0: Foul Ball, location: 2F
0-1: Ball
1-1: Called Strike
1-2: Foul Ball, location: 2F
1-2: Reached on error, E6 (Groundball, 6, EV 88.8 MPH)
Ernie Maldonado scores
Gabe Morales to third
Leo Gomez to second
Batting: RHB Chris Zamora 0-0: Ball
1-0: Foul Ball, location: 2F
1-1: Ball
2-1: Ball
3-1: Base on Balls
Gabe Morales scores
Leo Gomez to third
Al Blanchard to second
Batting: LHB Ray Walden 0-0: Swinging Strike
0-1: Called Strike
0-2: Strikes out looking
Batting: RHB Juan Zamora 0-0: Ball
1-0: Called Strike
1-1: Ball
2-1: SINGLE (Groundball, 6S, EV 70.0 MPH) (infield hit)
Leo Gomez scores
Al Blanchard to third
Chris Zamora to second
Batting: LHB Jeremy Robertson 0-0: Ball
1-0: Swinging Strike
1-1: Ball
2-1: Ball
3-1: Foul Ball, location: 2F
3-2: Foul Ball, location: 2F
3-2: Foul Ball, location: 2F
3-2: Strikes out swinging
Bottom of the 7th over - 4 runs, 4 hits, 1 error, 3 left on base; Binghamton 11 - Dayton 5
TOP OF THE 8TH
Binghamton Mets batting - Pitching for Dayton Dragons : RHP Jalen Patterson
Now at SS: Andy Bachman
Now in LF: Gabe Morales
Now in RF: Tim Kirk
Batting: SHB Jerry Burrows 0-0: Called Strike
0-1: Swinging Strike
0-2: Strikes out swinging
Batting: LHB Zane Kelton 0-0: Ball
1-0: Called Strike
1-1: Ball
2-1: Ball
3-1: Foul Ball, location: 2F
3-2: SOLO HOME RUN (Flyball, 9LD, EV 90.0 MPH), Distance : 325 ft
Batting: LHB Jamel Alexander 0-0: Ball
1-0: Ball
2-0: Called Strike
2-1: Ball
3-1: SINGLE (Line Drive, 7S, EV 110.0 MPH)
Batting: RHB Oscar Bravo 0-0: Called Strike
0-1: Ball
1-1: Foul Ball, location: 2F
1-2: Fly out, F7 (Flyball, 7D, EV 99.4 MPH)
Batting: SHB Jason Evans 0-0: Called Strike
0-1: Ball
Jamel Alexander steals 2nd base
1-1: Called Strike
1-2: Foul Ball, location: 2F
1-2: Foul Ball, location: 2F
1-2: Ball
2-2: Ball
3-2: DOUBLE (Line Drive, 7LM, EV 93.1 MPH)
Jamel Alexander scores
Batting: RHB Rich Cracchiolo 0-0: Called Strike
0-1: Ball
1-1: Hit by Pitch
Batting: RHB Mike Hanks 0-0: Hit by Pitch
Jason Evans to third
Rich Cracchiolo to second
Pitching: RHP Ken Armstrong
Batting: LHB Dan Bremseth 0-0: Ball
1-0: DOUBLE (Line Drive, 78D, EV 99.4 MPH)
Jason Evans scores
Rich Cracchiolo scores
Mike Hanks to third
Runner from 3rd tries for Home, throw by CF and OUT! 8-6-2
Top of the 8th over - 4 runs, 4 hits, 0 errors, 1 left on base; Binghamton 15 - Dayton 5
BOTTOM OF THE 8TH
Dayton Dragons batting - Pitching for Binghamton Mets : RHP Rome Corona
Batting: RHB Ernie Maldonado 0-0: Ball
1-0: Called Strike
1-1: Ball
2-1: SINGLE (Groundball, 5D, EV 105.6 MPH)
Batting: LHB Tim Kirk 0-0: Foul Ball, location: 2F
0-1: Called Strike
0-2: Strikes out looking
Pinch Hitting: RHB Jake Savell 0-0: Foul Ball, location: 2F
0-1: Called Strike
0-2: Ball
1-2: Ball
2-2: Ball
3-2: Fly out, F8 (Flyball, 8LM, EV 76.2 MPH)
Pitching: LHP Scott Carr
Batting: LHB Leo Gomez 0-0: Called Strike
0-1: Ball
1-1: Foul Ball, location: 2F
1-2: Ball
2-2: Foul Ball, location: 2F
2-2: Ball
3-2: Foul Ball, location: 2F
3-2: Foul Ball, location: 2F
3-2: Base on Balls
Ernie Maldonado to second
Batting: RHB Andy Bachman 0-0: Ball
1-0: Foul Ball, location: 2F
1-1: Foul Ball, location: 2F
1-2: Foul Ball, location: 2F
1-2: Ball
2-2: Ball
3-2: Base on Balls
Ernie Maldonado to third
Leo Gomez to second
Batting: RHB Chris Zamora 0-0: Foul Ball, location: 2F
0-1: Called Strike
0-2: Ball
1-2: Foul Ball, location: 2F
1-2: Strikes out swinging
Bottom of the 8th over - 0 runs, 1 hit, 0 errors, 3 left on base; Binghamton 15 - Dayton 5
TOP OF THE 9TH
Binghamton Mets batting - Pitching for Dayton Dragons : RHP Ken Armstrong
Now in LF: Jake Savell
Batting: RHB Nate Henderson 0-0: Ball
1-0: Ball
2-0: Called Strike
2-1: Called Strike
2-2: Ball
3-2: Strikes out looking
Pinch Hitting: RHB Sean Lee 0-0: Ball
1-0: Swinging Strike
1-1: Ball
2-1: Ball
3-1: Base on Balls
Batting: LHB Zane Kelton 0-0: Ball
1-0: Foul Ball, location: 2F
1-1: Fielders Choice at 2nd, 3-6 (Groundball, 3, EV 98.8 MPH)
Batting: LHB Jamel Alexander 0-0: Ball
1-0: Ball
2-0: Called Strike
2-1: Ball
3-1: Foul Ball, location: 2F
3-2: Base on Balls
Zane Kelton to second
Batting: RHB Oscar Bravo 0-0: Ball
1-0: Ball
2-0: Foul Ball, location: 2F
2-1: Ball
3-1: Called Strike
3-2: Foul Ball, location: 2F
3-2: Foul Ball, location: 2F
3-2: SINGLE (Groundball, 6MD, EV 105.0 MPH) (infield hit)
Zane Kelton to third
Jamel Alexander to second
Batting: SHB Jason Evans 0-0: TRIPLE (Flyball, 89XD, EV 101.2 MPH)
Zane Kelton scores
Jamel Alexander scores
Oscar Bravo scores
Pitching: RHP Brian Trejo
Batting: RHB Rich Cracchiolo 0-0: Ball
1-0: Ground out 6-3 (Groundball, 6, EV 100.6 MPH)
Top of the 9th over - 3 runs, 2 hits, 0 errors, 1 left on base; Binghamton 18 - Dayton 5
BOTTOM OF THE 9TH
Dayton Dragons batting - Pitching for Binghamton Mets : LHP Scott Carr
Now at 1B: Sean Lee
Batting: LHB Ray Walden 0-0: Ball
1-0: Ball
2-0: Ball
3-0: Called Strike
3-1: Base on Balls
Batting: RHB Juan Zamora 0-0: Called Strike
0-1: Fielders Choice at 2nd, 5-4 (Groundball, 56, EV 96.9 MPH)
Pinch Hitting: RHB Aaron Barraza 0-0: Ball
1-0: Fly out, F6 (Line Drive, 6, EV 76.9 MPH)
Batting: RHB Ernie Maldonado 0-0: Called Strike
0-1: Foul Ball, location: 2F
0-2: Strikes out looking
Bottom of the 9th over - 0 runs, 0 hits, 0 errors, 1 left on base; Binghamton 18 - Dayton 5
Tuesday, March 28th , 2023 - OOTP Baseball 23.10 Build 110